AoeStats
← Mhafiki

Arabian Desert

508580029Analyzed
1v1 RM · 8d ago on Sep 23, 2026· 18m 39s· 2 players
Game mode
Random Map
Map size
Tiny (2 player)
Population
200
Speed
Normal
Resources
Standard
Victory
Conquest
Starting age
Dark Age
Ending age
Imperial Age
RankedLock teamsTeams togetherTeam positionsShared explorationLock speedFull tech treeHidden civsTurbo modeCheats
Victory
Defeat
🇧🇷 Magyars · Brazil
1178
+15
🇺🇸 Saxons · United States
1167
-15
Mhafiki
4:52 Loom
10:18 Feudal Age
12:20 Double-Bit Axe
Droga, eh o sl0ttzera
6:25 Loom
9:08 Feudal Age
9:53 Double-Bit Axe
16:12 Padded Archer Armor
16:05 Fletching
17:25 Padded Archer Armor
Connection lost

Rejoining the realm…

Still unreachable

The connection could not be restored.

Session expired

The server has moved on; the page needs a fresh start.